 Dungeon Crawl Stone Soup version 0.24-a0-245-gb50751227d (webtiles) character file.

Game seed: 16283814662027891320

341 Redear the Digger (level 6, -1/36 HPs)
             Began as an Octopode Earth Elementalist on Apr 12, 2019.
             Killed from afar by an orc wizard (10 damage)
             ... with a magic dart
             ... on level 3 of the Dungeon.
             The game lasted 00:03:53 (1741 turns).

Redear the Digger (Octopode Earth Elementalist)     Turns: 1741, Time: 00:03:54

Health: -1/36      AC:  1    Str:  9    XL:     6   Next: 56%
Magic:  2/12       EV: 13    Int: 17    God:
Gold:   161        SH:  0    Dex: 13    Spells: 13/14 levels left

rFire    . . .     SeeInvis .   (no weapon)
rCold    . . .     Gourm    .   (no shield)
rNeg     . . .     Faith    .   (helmet restricted)
rPois    .         Spirit   .   (no amulet)
rElec    .         Reflect  .   (no ring)
rCorr    .         Harm     .   (no ring)
MR       .....                  (no ring)
Stlth    +++.......             (no ring)
HPRegen  0.12/turn              (no ring)
MPRegen  0.13/turn              (no ring)
                                (no ring)
                                (no ring)

@: no status effects
A: almost no armour, stealthy swim, amphibious, 8 rings, constrict 8, camouflage
1, gelatinous body 1
a: no special abilities


You were on level 3 of the Dungeon.
You were hungry.

You visited 1 branch of the dungeon, and saw 3 of its levels.

You collected 161 gold pieces.

Inventory:

Hand Weapons
 g - a +0 long sword
Missiles
 b - 72 stones (quivered)
Wands
 I - a wand of iceblast (5)
Scrolls
 a - a scroll of amnesia {unknown}
 c - a scroll of magic mapping {unknown}
 d - 2 scrolls of fear {unknown}
 e - 2 scrolls of remove curse {unknown}
 f - a scroll of immolation {unknown}
 h - a scroll of identify {unknown}
 l - a scroll of enchant armour {unknown}
Potions
 i - a potion of might {unknown}
 j - a potion of flight {unknown}
 k - a potion of heal wounds {unknown}
Comestibles
 z - 4 rations


   Skills:
 - Level 2.0 Dodging
 - Level 2.6 Stealth
 + Level 4.5 Spellcasting
   Level 1.0 Transmutations
 + Level 5.4 Earth Magic


You had 13 spell levels left.
You knew the following spells:

 Your Spells              Type           Power        Failure   Level  Hunger
a - Sandblast             Erth           ###...       1%          1    None

Your spell library contained the following spells:

 Spells                   Type           Power        Failure   Level  Hunger
 Passwall                 Tmut/Erth      ##......     6%          2    ##.....
 Stone Arrow              Conj/Erth      ##....       14%         3    ###....
 Petrify                  Tmut/Erth      ##......     36%         4    ####...
 Lee's Rapid Deconstruct  Erth           ###.......   41%         5    ######.


Dungeon Overview and Level Annotations

Branches:
Dungeon (3/15)

Altars:
Fedhas


Innate Abilities, Weirdness & Mutations

You cannot wear most types of armour.
You are very stealthy in the water. (Stealth+)
You are amphibious.
You can wear up to eight rings at the same time.
You can use your tentacles to constrict eight enemies at once.
Your skin changes colour to match your surroundings (Stealth+).
Your rubbery body absorbs attacks. (AC +1, EV +1)


Message History

b - 72 stones You hear some strange, mumbled words.
A magic dart appears from out of thin air!
The magic dart hits you!
* * * LOW HITPOINT WARNING * * *
Something hits you.
* * * LOW HITPOINT WARNING * * *
You take 12 damage, and have 4/36 hp.
MASSIVE DAMAGE!!
You now have 1/12 mp.
You feel better. Something hits you.
You regained 7 hp, and now have 11/36 hp.
Something hits you but does no damage.
You see here a ring mail.
Something hits you.
* * * LOW HITPOINT WARNING * * *
You see here 12 gold pieces.
You take 2 damage, and have 9/36 hp.
Okay, then.
A magic dart appears from out of thin air!
The magic dart hits you!
You die...

#.######### #)##
#..# ##.# #.#
#.# ##.## #...#
###.@.####
#..$.....#
#####.##.###.###
.......h#.))...#
#####.##.###.#.#
# #h#


#Ks #o.. #.... You could see a jackal (wandering).

Vanquished Creatures
  Sigmund (D:2)
  An orc priest (D:3)
  Jessica (D:2)
  An orc wizard (D:3)
  3 gnolls (D:2)
  An adder (D:2)
  A worm (D:2)
  A dart slug (D:2)
  4 leopard geckos
  5 orcs (D:3)
  2 ball pythons (D:1)
  2 goblins (D:2)
  6 hobgoblins
  3 jackals (D:3)
  5 kobolds
  A quokka (D:3)
  9 bats
  4 frilled lizards
  6 rats
57 creatures vanquished.

Notes
Turn   | Place    | Note
-------+----------+-------------------------------------------
     0 | D:1      | Redear the Octopode Earth Elementalist began the quest for
                  | the Orb.
     0 | D:1      | Reached XP level 1. HP: 11/11 MP: 3/3
   356 | D:1      | Reached XP level 2. HP: 17/17 MP: 3/5
   915 | D:2      | Reached XP level 3. HP: 21/21 MP: 2/7
   943 | D:2      | Noticed Sigmund
  1073 | D:2      | Noticed Jessica
  1079 | D:2      | Killed Jessica
  1079 | D:2      | Reached skill level 3 in Spellcasting
  1160 | D:2      | Reached skill level 4 in Earth Magic
  1160 | D:2      | Reached XP level 4. HP: 27/27 MP: 4/8
  1263 | D:2      | Found a blossoming altar of Fedhas.
  1554 | D:2      | Killed Sigmund
  1554 | D:2      | Reached skill level 4 in Spellcasting
  1554 | D:2      | Reached skill level 5 in Earth Magic
  1554 | D:2      | Reached XP level 5. HP: 31/31 MP: 2/11
  1554 | D:2      | Reached XP level 6. HP: 36/36 MP: 2/12
  1741 | D:3      | Killed from afar by an orc wizard

Levels and vault maps discovered:
D:1:      dpeg_arrival_snail, layout_loops_corners
D:2:      layout_loops_cross, lemuel_crystal_altar, first_ration,
          grunt_decor_fettered, uniq_jessica, uniq_sigmund
D:3:      layout_loops_ring, grunt_temple_overflow_magic_moments

Skill      XL: |  1  2  3  4 |
---------------+-------------+-----
Spellcasting   | 3 4 |  4.5
Earth Magic    | 4 5 |  5.4
Dodging        | |  2.0
Stealth        | |  2.6
Transmutations | |  1.0

Action                   |  1- 3 |  4- 6 || total
-------------------------+-------+-------++-------
Melee: Unarmed           |     4 |    10 ||    14
       Constrict         |     2 |     4 ||     6
       Tentacles         |       |     3 ||     3
 Cast: Sandblast         |    34 |    53 ||    87
  Use: Potion            |     2 |     1 ||     3
  Eat: Chunk             |       |     2 ||     2
Armor: Skin              |       |     1 ||     1
Dodge: Dodged            |     5 |    20 ||    25

Table legend:
 A = Non-vault XP
 B = Vault XP
 C = Vault XP percentage of total XP
 D = Non-vault monster count
 E = Vault monster count
 F = Vault count percentage of total count
                 A         B        C        D         E       F
            +---------+---------+-------+---------+---------+-------
      Total |     228 |     260 |  53.3 |      55 |       2 |   3.5
            +---------+---------+-------+---------+---------+-------
        D:1 |      24 |       0 |   0.0 |      16 |       0 |   0.0
        D:2 |      93 |     260 |  73.7 |      23 |       2 |   8.0
        D:3 |     111 |       0 |   0.0 |      16 |       0 |   0.0
            +---------+---------+-------+---------+---------+-------
